 Dungeon Crawl Stone Soup version 0.17-a0-1564-g7b572aa (webtiles) character file.

81936 urechis the Black Belt (level 14, -1/150 HPs)
             Began as a Troll Monk on July 21, 2015.
             Was the Champion of Jiyva.
             Slain by Snorg (15 damage)
             ... on level 14 of the Dungeon.
             The game lasted 01:20:51 (27437 turns).

urechis the Black Belt (Troll Monk)                Turns: 27437, Time: 01:20:52

Health: -1/150     AC:  7    Str: 11    XL:     14   Next: 88%
Magic:  23/23      EV: 26    Int: 10    God:    Jiyva [******]
Gold:   997        SH:  0    Dex: 29    Spells: 0 memorised, 13 levels left

rFire  + . .     SeeInvis +       - Unarmed
rCold  + . .     Clarity  .     F - +2 robe {rF+}
rNeg   . . .     SustAt   .     (no shield)
rPois  .         Gourm    +     (helmet restricted)
rElec  .         Spirit   .     u - +1 cloak
rCorr  +         Warding  .     (gloves unavailable)
rMut   .         Stasis   .     (boots unavailable)
MR     +....                    z - amulet of rage
Stlth  +++.......               W - ring "Xaonivvi" {EV+2 Dex+3}
                                X - ring "Dasch" {rC+ MP+9 AC-2 Dex-2 Slay+3}

@: agile, very slightly contaminated, invisible, somewhat resistant to hostile
enchantments, fairly stealthy
A: unfitting armour, claws 3, see invisible, fast metabolism 3, gourmand, high
mp 1, regeneration 2, shaggy fur 1, spit poison 1, tough skin 2, no device heal
1
a: Spit Poison, Request Jelly, Jelly Paralyse, Slimify, Cure Bad Mutation,
Renounce Religion, Evoke Berserk Rage
}: 1/15 runes: slimy


You were on level 14 of the Dungeon.
You worshipped Jiyva.
Jiyva was exalted by your worship.
You were very full.

You visited 4 branches of the dungeon, and saw 29 of its levels.

You collected 997 gold pieces.

Inventory:

Hand weapons
 a - a +2 blowgun
Missiles
 j - a curare-tipped needle
 m - 4 large rocks
 n - 8 tomahawks (quivered)
 o - 111 poisoned needles
 p - 4 javelins
 K - 7 throwing nets
 U - 3 tomahawks of dispersal
Armour
 u - a +1 cloak (worn)
 F - a +2 robe of fire resistance (worn)
 V - a +0 large shield
Jewellery
 c - an uncursed amulet of clarity
 q - an uncursed ring of positive energy
 z - an amulet of rage (around neck)
 L - an uncursed ring of sustain attributes
 W - the ring "Xaonivvi" (right claw) {EV+2 Dex+3}
   (You found it on level 6 of the Pits of Slime)

   [ring of evasion]

   It affects your evasion (+2).
   It affects your dexterity (+3).
 X - the ring "Dasch" (left claw) {rC+ MP+9 AC-2 Dex-2 Slay+3}
   (You found it on level 6 of the Pits of Slime)

   [ring of protection]

   It affects your AC (-2).
   It affects your dexterity (-2).
   It affects your accuracy and damage with ranged weapons and melee attacks
   (+3).
   It protects you from cold.
   It affects your magic capacity (+9).
Magical devices
 B - a wand of magic darts (25)
 R - a wand of disintegration (10)
Scrolls
 g - 5 scrolls of remove curse
 h - a scroll of summoning {unknown}
 r - 10 scrolls of teleportation
 s - a scroll of blinking
 x - 3 scrolls of recharging
 y - 4 scrolls of fear
 A - 3 scrolls of noise
Potions
 d - a potion of lignification
 e - a potion of brilliance
 i - 4 potions of curing
 t - a potion of agility
 v - 2 potions of invisibility
 E - a potion of cancellation
 G - 3 potions of magic
 Y - a potion of haste
Comestibles
 b - 11 bread rations
 f - 4 fruits
 k - 10 meat rations
 l - 13 beef jerkies
 H - a royal jelly
 Q - a slice of pizza


   Skills:
 + Level 12.6 Fighting
 * Level 4.9 Armour
 - Level 8.0 Dodging
 - Level 1.1 Stealth
 + Level 18.6 Unarmed Combat


You had 13 spell levels left.
You didn't know any spells.

Dungeon Overview and Level Annotations

Branches:
Dungeon (14/15)            Temple (1/1) D:4            Lair (8/8) D:8
 Shoals (0/4) Lair:6       Spider (0/4) Lair:6        Slime (6/6) Lair:8
    Orc (0/4) D:9
 Vaults: D:13-14

Altars:
Ashenzari
Cheibriados
Dithmenos
Elyvilon
Fedhas
Gozag
Kikubaaqudgha
Makhleb
Nemelex Xobeh
Okawaru
Qazlal
Ru
Sif Muna
Trog
Vehumet
Xom
Yredelemnul
Zin
The Shining One
Jiyva

Shops:
D:4 *

Annotations:
D:14 Snorg
Slime:4 Dissolution
Slime:6 Royal Jelly


Innate Abilities, Weirdness & Mutations

You are too large for most types of armour.
You have claws for hands.
Your metabolism is lightning-fast.
You like to eat raw meat.
You heal very quickly.
You are covered in fur (AC +1).
You have very tough skin (AC +2).
You have supernaturally acute eyesight.
You have an increased reservoir of magic (+10% MP).
You can spit weak poison.
Potions and wands are less effective at restoring your health.


Message History

You hear a distant slurping noise.
You feel a little less hungry.
You feel better. Snorg closely misses you. Snorg completely misses you.
Snorg misses you.
A freezing wraith comes into view.
You hear a distant slurping noise.
Jiyva appreciates your sacrifice.
You feel a little less hungry.
You feel better. Jiyva appreciates your sacrifice.
You feel a little less hungry.
You feel better.
You feel a little less hungry.
You feel better.
You feel a little less hungry.
You feel better. Jiyva appreciates your sacrifice.
You feel a little less hungry.
You feel better. Jiyva appreciates your sacrifice.
You feel a little less hungry.
You feel better. Jiyva appreciates your sacrifice.
You feel a little less hungry.
You feel better. Jiyva appreciates your sacrifice.
You feel a little less hungry.
You feel better. Snorg misses you. Snorg completely misses you.
Snorg claws you!
You die...

... ##..#...# # .... ##[##.##.##
#
.....######T##.⌠.##.#############
.........((####.####.............
.........(.#.###.#.#.............
..........#.⌠W###.⌠.#..##........
...........#.#.###.#...# .#######
.........).##.#.#T#..### .#
...........# #.⌠@###.### .#
......<.z... ##.#.#....# .#######
...........#.#.#.#.#...##†.......
.......T..#.⌠.# #.⌠.#............
.........z#.#.#.#.#..###########
.........####.####.## #.⌠ ##..#
..##.##^..# ....#.....#


You could see Snorg (berserk) and a freezing wraith.

Vanquished Creatures
  Rupert (D:14)
  2 vault guards (D:14)
  The ghost of urechis the Grappler, a powerful TrMo of Ru (D:11)
  Harold (D:12)
  2 centaur warriors
  The ghost of confidenceinterval the Spear-Bearer, an experienced NaFi of Cheibriados (D:10)
  3 skeletal warriors (D:14)
  A hill giant (D:14)
  An orc knight (D:14)
  2 unseen horrors (D:13)
  2 lindwurms
  Pikel (D:6)
  2 ugly things (D:11)
  2 oklob plants
  2 griffons
  A manticore (Lair:6)
  A cyclops (shapeshifter) (D:13)
  A cyclops (D:12)
  9 elephants
  3 centaur zombies
  2 black mambas
  A gargoyle (D:14)
  A torpor snail (Lair:8)
  2 fire drakes
  11 komodo dragons
  10 spiny frogs
  A kobold demonologist (D:13)
  An efreet (D:13)
  A troll (D:10)
  A spriggan druid (Lair:8)
  3 two-headed ogres
  4 polar bears
  Grinder (D:4)
  A boulder beetle (Lair:8)
  21 blink frogs
  A wyvern (D:8)
  70 yaks
  A trapdoor spider (D:10)
  A shadow (D:14)
  5 redbacks (Lair:8)
  2 wraiths
  4 basilisks
  13 spriggans (Lair:8)
  Eustachio (D:5)
  2 deep elf magi
  A steam dragon (Lair:8)
  4 hippogriffs
  2 hungry ghosts
  4 wargs
  Menkaure (D:4)
  3 vampire mosquitoes (D:13)
  Edmund (D:4)
  A mottled dragon (D:12)
  The ghost of confidenceinterval the Bolt Thrower, an average KoHu (D:4)
  20 water moccasins
  Duvessa (D:6)
  33 wolves
  8 porcupines
  2 sky beasts
  4 slaves (D:6)
  9 centaurs
  4 wasps
  10 black bears
  2 necrophages
  5 orc warriors
  An ice beast (D:11)
  7 ogres
  A phantom (D:6)
  24 crocodiles
  A brain worm (D:13)
  A gnoll sergeant (D:8)
  5 big kobolds
  20 giant frogs
  A wyvern zombie (D:10)
  Dowan (D:6)
  A water moccasin zombie (D:7)
  4 scorpions
  22 killer bees
  An electric eel (D:7)
  15 crimson imps
  10 orc priests
  6 two-headed ogre zombies (D:10)
  A giant frog zombie (D:12)
  2 jellies
  Crazy Yiuf (D:2)
  4 centaur skeletons
  2 giant frog skeletons
  2 quasits
  6 iguanas
  12 orc wizards
  16 worker ants
  8 hounds
  A killer bee zombie (D:7)
  2 hound skeletons
  10 gnolls
  2 worker ant zombies
  12 adders
  66 river rats
  2 shadow imps
  10 worms
  40 orcs
  A ball python (D:3)
  6 giant cockroaches
  16 goblins
  11 hobgoblins
  7 jackals
  40 kobolds
  2 quokkas (D:5)
  14 bats
  A giant gecko zombie (D:5)
  3 giant newts
  21 rats
  A fungus (D:2)
  2 plants (Lair:4)
761 creatures vanquished.

Vanquished Creatures (collateral kills)
  The ghost of urechis the Brawler, a powerful TrMo (Slime:3)
1 creature vanquished.

Vanquished Creatures (others)
  3 acid blobs
  2 azure jellies
  2 great orbs of eyes (Slime:6)
  A hydra (Lair:3)
  An unseen horror (D:11)
  31 slime creatures
  A shining eye (Slime:6)
  A spiny frog (Lair:3)
  A fire drake (Lair:3)
  3 blink frogs (Lair:3)
  A wraith (D:12)
  A redback (Lair:8)
  3 golden eyes (Slime:1)
  A hippogriff (Lair:2)
  2 wolves (Lair:3)
  A water moccasin (Lair:8)
  2 eyes of draining
  A porcupine (Lair:6)
  A brain worm (D:13)
  2 crocodiles
  A giant frog (D:13)
  A crimson imp (D:10)
  A quasit (D:11)
  2 orc wizards (D:4)
  110 jellies
  A giant frog skeleton (D:13)
  An iguana (D:11)
  21 river rats
  5 orcs
  3 hobgoblins
  3 kobolds
  A giant gecko (D:11)
  A giant newt (D:1)
  3 rats
  A butterfly (Lair:5)
  55 fungi
  19 plants
290 creatures vanquished.

Grand Total: 1052 creatures vanquished

Notes
Turn   | Place    | Note
--------------------------------------------------------------
     0 | D:1      | urechis the Troll Monk began the quest for the Orb.
     0 | D:1      | Reached XP level 1. HP: 22/22 MP: 0/0
   142 | D:1      | Reached XP level 2. HP: 29/29 MP: 1/1
  1088 | D:2      | Reached XP level 3. HP: 27/36 MP: 2/2
  1415 | D:2      | Found a sparkling altar of Nemelex Xobeh.
  1534 | D:2      | Noticed Crazy Yiuf
  1544 | D:2      | Killed Crazy Yiuf
  1544 | D:2      | Reached skill level 5 in Unarmed Combat
  1544 | D:2      | Reached XP level 4. HP: 31/45 MP: 3/3
  2781 | D:4      | Reached XP level 5. HP: 53/53 MP: 4/4
  2843 | D:4      | Noticed Grinder
  2853 | D:4      | Paralysed by Grinder for 4 turns
  2862 | D:4      | Killed Grinder
  2862 | D:4      | Reached skill level 6 in Unarmed Combat
  2862 | D:4      | Reached XP level 6. HP: 60/62 MP: 5/5
  2887 | D:4      | Found a shadowy altar of Dithmenos.
  2897 | D:4      | Noticed Edmund
  2909 | D:4      | Killed Edmund
  2909 | D:4      | Reached skill level 7 in Unarmed Combat
  2909 | D:4      | Reached XP level 7. HP: 57/71 MP: 6/6
  3037 | D:4      | Noticed confidenceinterval's ghost (average KoHu)
  3061 | D:4      | Killed confidenceinterval's ghost
  3084 | D:4      | Found Kaxteg's General Store.
  3201 | D:4      | Found a staircase to the Ecumenical Temple.
  3418 | D:4      | Noticed Menkaure
  3423 | D:4      | Killed Menkaure
  3423 | D:4      | Reached skill level 8 in Unarmed Combat
  3625 | Temple   | Entered the Ecumenical Temple
  3863 | D:5      | Entered Level 5 of the Dungeon
  3885 | D:5      | Reached skill level 5 in Fighting
  3946 | D:5      | Reached XP level 8. HP: 70/80 MP: 7/7
  4112 | D:5      | Noticed Eustachio
  4118 | D:5      | Killed Eustachio
  4118 | D:5      | Reached skill level 9 in Unarmed Combat
  4291 | D:5      | Found a radiant altar of Vehumet.
  4529 | D:6      | Noticed Duvessa
  4531 | D:6      | Noticed Dowan
  4533 | D:6      | Killed Duvessa
  4537 | D:6      | Killed Dowan
  4919 | D:6      | Noticed Pikel
  4931 | D:6      | Killed Pikel
  4931 | D:6      | Reached skill level 10 in Unarmed Combat
  4931 | D:6      | Reached XP level 9. HP: 54/92 MP: 8/8
  5191 | D:6      | Found a sparkling altar of Nemelex Xobeh.
  5428 | D:6      | Reached skill level 11 in Unarmed Combat
  6374 | D:7      | Reached skill level 12 in Unarmed Combat
  6833 | D:8      | Found a staircase to the Lair.
  6852 | D:7      | Reached XP level 10. HP: 44/102 MP: 9/9
  7622 | D:8      | Reached skill level 13 in Unarmed Combat
  8033 | Lair:1   | Entered Level 1 of the Lair of Beasts
  8132 | Lair:1   | Found a blossoming altar of Fedhas.
  8142 | Lair:1   | Noticed an oklob plant
  8265 | Lair:2   | Noticed a four-headed hydra
  8458 | Lair:2   | Noticed an eight-headed hydra
  8680 | Lair:3   | Noticed a four-headed hydra
  8816 | Lair:3   | Reached XP level 11. HP: 35/113 MP: 10/10
  8964 | Lair:3   | Noticed a five-headed hydra
  9034 | Lair:3   | Reached skill level 14 in Unarmed Combat
  9350 | Lair:6   | Found a hole to the Spider Nest.
  9352 | Lair:6   | Noticed an eight-headed hydra
  9490 | Lair:6   | Noticed a lindwurm
  9569 | Lair:8   | Entered Level 8 of the Lair of Beasts
  9780 | Lair:8   | Found a labyrinth entrance.
  9836 | Lair:8   | Reached skill level 15 in Unarmed Combat
 10121 | Lair:8   | Found a viscous altar of Jiyva.
 10333 | Lair:8   | Found a staircase to the Slime Pits.
 10351 | Lair:8   | Became a worshipper of Jiyva Jyduf the Shapeless
 10351 | Lair:8   | Acquired Jiyva's first power
 10351 | Lair:8   | Acquired Jiyva's second power
 10394 | Lair:6   | Reached XP level 12. HP: 109/126 MP: 11/11
 10471 | Lair:5   | Reached skill level 10 in Fighting
 10801 | Lair:4   | Noticed a six-headed hydra
 10918 | Lair:3   | Noticed a seven-headed hydra
 11091 | Lair:1   | Noticed a lindwurm
 11100 | Lair:1   | Killed a lindwurm
 11140 | Lair:1   | Gained mutation: You have a pair of small horns on your head. [Jiyva's grace]
 11158 | Lair:1   | Acquired Jiyva's third power
 11449 | Lair:1   | Reached skill level 16 in Unarmed Combat
 11609 | Lair:1   | Gained mutation: You can translocate small distances at will. [Jiyva's grace]
 11633 | Lair:1   | Killed an oklob plant
 12067 | Lair:2   | Acquired Jiyva's fourth power
 12147 | Lair:2   | Slimified an eight-headed hydra
 12147 | Lair:2   | Noticed an acid blob
 12147 | Lair:2   | an eight-headed hydra changed into an acid blob
 12180 | Lair:2   | Gained mutation: You passively map a small area around you. [Jiyva's grace]
 12261 | Lair:2   | Slimified a four-headed hydra
 12261 | Lair:2   | Noticed an acid blob
 12261 | Lair:2   | a four-headed hydra changed into an acid blob
 12410 | Lair:2   | Noticed an elephant
 12411 | Lair:2   | Noticed an elephant
 12411 | Lair:2   | Noticed an elephant
 12429 | Lair:2   | Killed an elephant
 12438 | Lair:2   | Killed an elephant
 12441 | Lair:2   | Killed an elephant
 12512 | Lair:2   | Noticed a four-headed hydra
 12518 | Lair:2   | Slimified a four-headed hydra
 12518 | Lair:2   | a four-headed hydra changed into a slime creature
 13110 | Lair:3   | Slimified a six-headed hydra
 13110 | Lair:3   | Noticed an acid blob
 13110 | Lair:3   | a six-headed hydra changed into an acid blob
 13228 | Lair:3   | Lost mutation: You can translocate small distances at will. [Jiyva's grace]
 13431 | Lair:3   | Slimified a five-headed hydra
 13431 | Lair:3   | a five-headed hydra changed into a slime creature
 13455 | Lair:3   | Slimified a four-headed hydra
 13455 | Lair:3   | Noticed an acid blob
 13455 | Lair:3   | a four-headed hydra changed into an acid blob
 13576 | Lair:3   | Noticed an oklob plant
 13839 | Lair:3   | Killed an oklob plant
 14040 | Lair:3   | Killed a seven-headed hydra
 14166 | Lair:3   | Lost mutation: You have a pair of small horns on your head. [Jiyva's grace]
 14364 | Lair:3   | Reached skill level 17 in Unarmed Combat
 14812 | Lair:4   | Reached XP level 13. HP: 112/137 MP: 12/12
 14979 | Lair:4   | Gained mutation: Your rubbery body absorbs attacks (AC +1). [Jiyva's grace]
 15144 | Lair:5   | Noticed a five-headed hydra
 15155 | Lair:5   | Slimified a five-headed hydra
 15155 | Lair:5   | Noticed an acid blob
 15155 | Lair:5   | a five-headed hydra changed into an acid blob
 15997 | Lair:6   | Gained mutation: You can breathe flames. [Jiyva's grace]
 16359 | Lair:6   | Slimified an eight-headed hydra
 16359 | Lair:6   | Noticed an acid blob
 16359 | Lair:6   | an eight-headed hydra changed into an acid blob
 16438 | Lair:6   | Found a staircase to the Shoals.
 16707 | Lair:6   | Killed a lindwurm
 16965 | Lair:7   | Gained mutation: You regenerate. [Jiyva's grace]
 17233 | Lair:7   | Lost mutation: You can breathe flames. [Jiyva's grace]
 17652 | Lair:8   | Reached skill level 5 in Dodging
 17687 | Lair:8   | Noticed an eight-headed hydra
 17693 | Lair:8   | Slimified an eight-headed hydra
 17693 | Lair:8   | an eight-headed hydra changed into a slime creature
 17707 | Lair:8   | Lost mutation: You passively map a small area around you. [Jiyva's grace]
 17769 | Lair:8   | Gained mutation: You are robust (+10% HP). [Jiyva's grace]
 17902 | Lair:8   | Noticed a spriggan rider
 17915 | Lair:8   | Killed a wasp
 17916 | Lair:8   | Killed a spriggan
 17923 | Lair:8   | Noticed a spriggan rider
 17931 | Lair:8   | Killed a spriggan
 17934 | Lair:8   | Paralysed by a wasp for 1 turns
 17936 | Lair:8   | Killed a wasp
 18014 | Lair:8   | Lost mutation: Your rubbery body absorbs attacks (AC +1). [Jiyva's grace]
 18139 | Lair:8   | Reached skill level 18 in Unarmed Combat
 18161 | Lair:8   | Lost mutation: You regenerate. [Jiyva's grace]
 18255 | Lair:8   | Noticed a spriggan rider
 18277 | Lair:8   | Killed a spriggan rider
 18277 | Lair:8   | Killed a wasp
 18299 | Lair:8   | Gained mutation: You are weak. (Str -2) [Jiyva's grace]
 18399 | Lair:8   | Noticed a lindwurm
 18408 | Lair:8   | Noticed a lindwurm
 18420 | Lair:8   | Noticed a lindwurm
 18424 | Lair:8   | Noticed a lindwurm
 18658 | Lair:8   | Reached XP level 14. HP: 147/162 MP: 13/13
 20244 | D:7      | Lost mutation: You are weak. (Str -2) [Jiyva's grace]
 20481 | D:8      | Gained mutation: You can spit weak poison. [Jiyva's grace]
 20674 | D:9      | Found a staircase to the Orcish Mines.
 20895 | D:9      | Found a white marble altar of Elyvilon.
 20896 | D:9      | Found a snail-covered altar of Cheibriados.
 20900 | D:9      | Found an ancient bone altar of Kikubaaqudgha.
 20973 | D:9      | Found a burning altar of Makhleb.
 21239 | Slime:1  | Entered Level 1 of the Pits of Slime
 21239 | Slime:1  | Noticed an acid blob
 21247 | Slime:2  | Noticed an azure jelly
 21321 | Slime:4  | Noticed Dissolution
 21321 | Slime:4  | Noticed an azure jelly
 21331 | Slime:5  | Noticed an azure jelly
 21335 | Slime:5  | Noticed an acid blob
 21337 | Slime:6  | Entered Level 6 of the Pits of Slime
 21337 | Slime:6  | Noticed an azure jelly
 21354 | Slime:6  | Gained mutation: You evolve. [Jiyva's grace]
 21377 | Slime:6  | Gained mutation: You have acidic saliva. [Jiyva's grace]
 21392 | Slime:6  | Noticed an acid blob
 21395 | Slime:6  | Noticed an acid blob
 21395 | Slime:6  | Gained mutation: You have a small jelly attached to you that may absorb incoming projectiles. [Jiyva's grace]
 21398 | Slime:6  | Noticed an acid blob
 21400 | Slime:6  | Noticed the royal jelly
 21400 | Slime:6  | Killed an azure jelly
 21402 | Slime:6  | Found a viscous altar of Jiyva.
 21406 | Slime:6  | Got a smoking robe
 21410 | Slime:6  | Noticed an acid blob
 21412 | Slime:6  | Noticed an acid blob
 21415 | Slime:6  | Noticed an acid blob
 21422 | Slime:6  | Got a steaming bone ring
 21424 | Slime:6  | Got a slimy rune of Zot
 21431 | Slime:6  | Lost mutation: You can spit weak poison. [Jiyva's grace]
 21434 | Slime:6  | Got a steaming brass ring
 21447 | Slime:6  | Identified Zyqeojua's Reference Book on Execration
 21451 | Slime:6  | Got a heavily jewelled robe
 21465 | Slime:6  | Identified the +2 robe "Boogibo" {rCorr} (You found it on level 6 of the Pits of Slime)
 21475 | Slime:6  | Identified the +0 robe "Vatatywn" {Str+4} (You found it on level 6 of the Pits of Slime)
 21489 | Slime:6  | Identified the ring "Xaonivvi" {EV+2 Dex+3} (You found it on level 6 of the Pits of Slime)
 21491 | Slime:6  | Identified the cursed ring "Dasch" {rC+ MP+9 AC-2 Dex-2 Slay+3} (You found it on level 6 of the Pits of Slime)
 21749 | Slime:5  | Noticed an acid blob
 21839 | Slime:5  | Noticed an acid blob
 21981 | Slime:4  | Noticed an acid blob
 21981 | Slime:4  | Noticed an acid blob
 22092 | Slime:4  | Killed an acid blob
 22130 | Slime:4  | Killed an azure jelly
 22218 | Slime:4  | Banished an acid blob
 22375 | Slime:3  | Noticed an acid blob
 22441 | Slime:3  | Noticed urechis's ghost (powerful TrMo)
 22485 | Slime:3  | Killed urechis's ghost
 22721 | Slime:1  | Noticed an azure jelly
 22847 | Slime:2  | Killed an acid blob
 22986 | Lair:2   | Noticed a six-headed hydra
 22991 | Lair:2   | Slimified a six-headed hydra
 22991 | Lair:2   | Noticed an acid blob
 22991 | Lair:2   | a six-headed hydra changed into an acid blob
 23070 | D:9      | Gained mutation: You have a small jelly attached to you that senses nearby items. [Jiyva's grace]
 23078 | D:10     | Entered Level 10 of the Dungeon
 23753 | D:10     | Noticed confidenceinterval's ghost (experienced NaFi)
 23761 | D:10     | Killed confidenceinterval's ghost
 23982 | D:11     | Gained mutation: You have an increased reservoir of magic (+10% MP). [evolution]
 24200 | D:11     | Gained mutation: Your spells are a little harder to cast, but a little more powerful. [Jiyva's grace]
 24251 | D:11     | Lost mutation: Your spells are a little harder to cast, but a little more powerful. [potion of cure mutation]
 24251 | D:11     | Lost mutation: You have a small jelly attached to you that may absorb incoming projectiles. [potion of cure mutation]
 24251 | D:11     | Lost mutation: You have acidic saliva. [potion of cure mutation]
 24251 | D:11     | Lost mutation: You are robust (+10% HP). [potion of cure mutation]
 24251 | D:11     | Lost mutation: You evolve. [potion of cure mutation]
 24291 | D:11     | Gained mutation: You are partially covered in rough black scales (AC +4, Dex -1). [potion of beneficial mutation]
 24292 | D:11     | Gained mutation: You can spit weak poison. [potion of mutation]
 24292 | D:11     | Gained mutation: Potions and wands are less effective at restoring your health. [potion of mutation]
 24292 | D:11     | Gained mutation: You have supernaturally acute eyesight. [potion of mutation]
 24346 | D:11     | Gained mutation: You are frail (-10% HP). [Jiyva's grace]
 24449 | D:11     | Noticed urechis's ghost (powerful TrMo)
 24460 | D:11     | Killed urechis's ghost
 24764 | D:11     | Reached skill level 1 in Armour
 25413 | D:12     | Noticed Harold
 25418 | D:12     | Killed Harold
 25433 | D:12     | Lost mutation: You have a small jelly attached to you that senses nearby items. [Jiyva's grace]
 25665 | D:12     | Gained mutation: Armour fits poorly on your pseudopods. [Jiyva's grace]
 25926 | D:13     | Lost mutation: You are frail (-10% HP). [Jiyva's grace]
 26036 | D:13     | Gained mutation: You are covered in slimy tendrils that may disarm your opponents. [Jiyva's grace]
 26134 | D:13     | Lost mutation: You can spit weak poison. [potion of mutation]
 26134 | D:13     | Gained mutation: Your mind is acute. (Int +2) [potion of mutation]
 26134 | D:13     | Gained mutation: You are resistant to hostile enchantments. [potion of mutation]
 26135 | D:13     | Gained mutation: Your mind is very acute. (Int +4) [potion of mutation]
 26135 | D:13     | Gained mutation: You are frail (-10% HP). [potion of mutation]
 26135 | D:13     | Lost mutation: You are covered in slimy tendrils that may disarm your opponents. [potion of mutation]
 26136 | D:13     | Gained mutation: Armour fits poorly on your strangely shaped body. [potion of mutation]
 26137 | D:13     | Lost mutation: Your mind is very acute. (Int +4) [potion of cure mutation]
 26137 | D:13     | Lost mutation: You are partially covered in rough black scales (AC +4, Dex -1). [potion of cure mutation]
 26137 | D:13     | Lost mutation: Armour fits poorly on your pseudopods. [potion of cure mutation]
 26137 | D:13     | Lost mutation: You are frail (-10% HP). [potion of cure mutation]
 26137 | D:13     | Lost mutation: Your mind is acute. (Int +2) [potion of cure mutation]
 26137 | D:13     | Lost mutation: You are resistant to hostile enchantments. [potion of cure mutation]
 26138 | D:13     | Lost mutation: Armour fits poorly on your strangely shaped body. [Jiyva's power]
 26865 | D:14     | Noticed Rupert
 26868 | D:14     | Paralysed by Rupert for 6 turns
 26881 | D:14     | Killed Rupert
 26986 | D:14     | Gained mutation: You can spit weak poison. [Jiyva's grace]
 27369 | D:14     | Noticed Snorg
 27433 | D:14     | HP: 3/150 [Snorg (6)]
 27437 | D:14     | Slain by Snorg

Vault maps used:
D:1:      dpeg_arrival_simpleton_c
D:2:      nemelex_lonely_heart_becter, uniq_crazy_yiuf_cottage
D:3:      nrook_loot_triangle
D:4:      temple_pool_b, serial_shops, shop_fountains, first_bread,
          serial_bayou_ford_a, nicolae_dithmenos_through_a_glass_darkly,
          uniq_edmund, uniq_grinder, uniq_menkaure
D:5:      nicolae_overflow_hidden_temple, uniq_eustachio
D:6:      nemelex_xobeh_ov_fountains_minmay, uniq_duvessa, uniq_pikel
D:7:      statuecave_lemuel, grunt_ogre_cave
D:8:      erik_lair_orcish_takeover
D:9:      makhleb_blood_cavern_becter, grunt_temple_overflow_open
D:10:     lemuel_ogre_cave
D:12:     uniq_harold
D:14:     lightli_vaults_fourway_checkpoint, serial_bayou_shore_b,
          grunt_decor_mini_mirrors, uniq_rupert, uniq_snorg
Temple:   eino_temple_water_12
Lair:1:   nicolae_volcano_entry_vermiform, tgw_fedhas
Lair:3:   beast_lair_carwin_4, grunt_megastairs_4
Lair:4:   wad_woods_road_03, small_statue_intersection
Lair:5:   cheibrodos_lair_reptile_den, lemuel_fruit_fields
Lair:6:   minmay_shoals_entry_beasts, nicolae_spider_entry_non_spiders
Lair:7:   serial_bayou_crossing
Lair:8:   minmay_lair_end_enchanted_forest, slime_altar_1, lab_entry_generic,
          minmay_lindwurm_lava
Slime:2:  cheibrodos_slime_lost_civilization_5
Slime:3:  cheibrodos_slime_lost_civilization_6
Slime:4:  dissolution_awaits
Slime:5:  cheibrodos_slime_lost_civilization_4

Action                   |  1- 3 |  4- 6 |  7- 9 | 10-12 | 13-15 || total
-------------------------+-------+-------+-------+-------+-------++-------
Melee: Unarmed           |    77 |   112 |   296 |   700 |  1034 ||  2219
Throw: Tomahawk          |       |       |       |     1 |       ||     1
Invok: Slimify           |       |       |       |     6 |     5 ||    11
       Request Jelly     |       |       |       |       |    14 ||    14
       Jelly Paralyse    |       |       |       |       |     5 ||     5
       Cure Bad Mutation |       |       |       |       |     1 ||     1
 Abil: Breathe Fire      |       |       |       |       |     1 ||     1
  Use: Potion            |       |       |     2 |     5 |    21 ||    28
       Scroll            |       |       |       |    10 |    13 ||    23
 Stab: Sleeping          |     4 |     3 |     6 |     9 |    17 ||    39
       Distracted        |       |       |       |     1 |    13 ||    14
  Eat: Chunk             |    10 |    16 |    38 |    59 |    43 ||   166
       Fruit             |       |       |       |       |     5 ||     5
